 Dungeon Crawl Stone Soup version 0.28-a0-612-gcfc00ec14d (webtiles) character file.

Game seed: 976191951817737531

53 siradein the Insei (level 3, -5/27 HPs)
             Began as a Merfolk Transmuter on Oct 5, 2021.
             Slain by Terence (9 damage)
             ... on level 2 of the Dungeon.
             The game lasted 00:02:57 (2480 turns).

siradein the Insei (Merfolk Transmuter)             Turns: 2480, Time: 00:02:58

Health: -5/27      AC:  2    Str: 10    XL:     3   Next: 89%
Magic:  4/6        EV: 13    Int: 13    God:
Gold:   54         SH:  0    Dex: 14    Spells: 0/6 levels left

rFire   . . .      SeeInvis .     - Unarmed
rCold   . . .      Faith    .   (no shield)
rNeg    . . .      Spirit   .   a - +0 robe
rPois   .          Reflect  .   (helmet currently unavailable)
rElec   .          Harm     .   (no cloak)
rCorr   .          Rampage  .   (no gloves)
Will    .....                   (boots currently unavailable)
Stlth   +.........              (no amulet)
HPRegen 0.09/turn               (no ring)
MPRegen 0.10/turn               (no ring)

@: appendages (expiring), wereblooded (expiring)
A: horns 2, (nimble swimmer 2), mertail
a: End Transformation


You were on level 2 of the Dungeon.
You had temporarily grown beastly horns.
You visited 1 branch of the dungeon, and saw 2 of its levels.

You collected 54 gold pieces.

Inventory:

Hand Weapons
 e - a +2 hunting sling of flaming
Missiles
 f - 89 stones
Armour
 a - a +0 robe (worn)
Scrolls
 c - a scroll of teleportation {unknown}
 d - a scroll of fear {unknown}
 h - a scroll of noise {unknown}
 i - a scroll of identify {unknown}
 k - a scroll of fog {unknown}
Potions
 b - a potion of brilliance {unknown}
 g - a potion of magic {unknown}
 j - a potion of berserk rage {unknown}


   Skills:
 + Level 1.9 Fighting
 + Level 3.3 Dodging
 + Level 3.7 Unarmed Combat
 + Level 2.4 Spellcasting
 + Level 3.4 Transmutations
 + Level 0.4 Poison Magic


You couldn't memorise any spells.
You knew the following spells:

 Your Spells              Type           Power      Damage    Failure   Level
a - Beastly Appendage     Tmut           20%        N/A       6%          1
b - Wereblood             Tmut           10%        N/A       9%          2
c - Spider Form           Tmut/Pois      3%         N/A       32%         3

Your spell library contained the following spells:

 Spells                   Type           Power      Damage    Failure   Level
 Ice Form                 Ice/Tmut       6%         N/A       77%         4


Dungeon Overview and Level Annotations

Branches:
Dungeon (2/15)

Altars:

Shops:
D:1 *

Annotations:
D:2 Terence


Innate Abilities, Weirdness & Mutations

You have temporarily grown beastly horns.
((You are quick and stealthy near water. (Stealth+, EV+, Speed+++)))
Your lower body shifts to a powerful aquatic tail in water.


Message History

Terence is moderately wounded.
Terence closely misses you.
You hit Terence.
Terence is moderately wounded.
You hit Terence.
Terence is heavily wounded.
Your transformation is almost over.
Terence barely misses you.
You closely miss Terence.
Terence is heavily wounded.
Terence misses you.
You hit Terence but do no damage. You headbutt Terence.
Terence is severely wounded.
Terence misses you.
You barely miss Terence.
Terence is severely wounded.
Terence hits you with a +0 flail.
You hit Terence.
Terence is almost dead.
Terence hits you with a +0 flail!
You are too injured to fight recklessly!
You are too injured to fight recklessly!
You closely miss Terence.
Terence is almost dead.
Terence hits you with a +0 flail.
* * * LOW HITPOINT WARNING * * *
You hit Terence but do no damage.
Terence is almost dead.
Your primal bloodlust is almost over.
Terence barely misses you.
You hit Terence but do no damage.
Terence is almost dead.
Terence closely misses you.
You hit Terence but do no damage. Your headbutt misses Terence.
Terence is almost dead.
Terence misses you.
You closely miss Terence.
Terence is almost dead.
Terence hits you with a +0 flail!
You die...

###..#
##.#..#.##
#..###
##.#..#..
###..#
##.#....
#..###
##.#..#
###..#
##.#..
#..###
##..#
#...+ ##.+
##.## ###
#.@# ##@#
#g# #.#
... ...
.....
.....
......#


You could see Terence and a goblin.

Vanquished Creatures
  A worm (D:2)
  A dart slug (D:1)
  3 bats
  An endoplasm (D:1)
  A giant cockroach (D:2)
  4 goblins
  7 hobgoblins (D:1)
  3 jackals (D:1)
  6 kobolds
  4 quokkas
  8 ball pythons
  2 frilled lizards (D:1)
  2 rats (D:1)
43 creatures vanquished.

Notes
Turn   | Place    | Note
-------+----------+-------------------------------------------
     0 | D:1      | siradein the Merfolk Transmuter began the quest for the
                  | Orb.
     0 | D:1      | Reached XP level 1. HP: 15/15 MP: 3/3
   414 | D:1      | Reached XP level 2. HP: 17/21 MP: 3/5
  1087 | D:1      | Reached XP level 3. HP: 26/26 MP: 4/6
  1114 | D:1      | Found Qorym's General Store.
  1125 | D:1      | Learned a level 2 spell: Wereblood
  1129 | D:1      | Learned a level 3 spell: Spider Form
  1480 | D:1      | Found a faded altar of an unknown god.
  2460 | D:2      | Noticed Terence
  2480 | D:2      | Slain by Terence

Illustrated notes

Levels and vault maps discovered:
D:1:      kennysheep_arrival_forest, layout_basic, serial_shops, shop_statue,
          chequers_ecumenical_altar_simple_redux
D:2:      minmay_razor_zed, layout_loops_ring, uniq_terence

Skill      XL: |  1  2 |
---------------+-------+-----
Dodging        | 3 |  3.3
Transmutations | 3 |  3.4
Fighting       | |  1.9
Unarmed Combat | |  3.7
Spellcasting   | |  2.4
Poison Magic   | |  0.4

Action                   || total
-------------------------++-------
Melee: Unarmed           ||   167
       Headbutt          ||    19
       Punch             ||     5
 Cast: Beastly Appendage ||    30
       Wereblood         ||     3
 Stab: Sleeping          ||     1
Armor: Robe              ||    22
Dodge: Dodged            ||   108

Table legend: (Time is in decaauts)
 A = Elapsed time spent in this place.
 B = Non-inter-level travel time spent in this place.
 C = Inter-level travel time spent in this place.
 D = Time resting spent in this place.
 E = Time spent auto-exploring this place.
 F = Levels seen in this place.
 G = Mean time per level.
                   A        B        C        D        E       F      G
               +--------+--------+--------+--------+--------+-----+--------+
         Total |   2468 |   2429 |     39 |      0 |   2087 |   2 | 1234.0 |
       Dungeon |   2468 |   2429 |     39 |      0 |   2087 |   2 | 1234.0 |
               +--------+--------+--------+--------+--------+-----+--------+

Top non-repeatable levels by time:
     D:1: 2002 daAuts
     D:2: 465 daAuts
